AoeStats
← NumberSwing5845

Migration

507971548Analyzed
1v1 RM · 11d ago on Sep 20, 2026· 48m 50s· 2 players
Game mode
Random Map
Map size
132×132
Population
200
Speed
Normal
Resources
Standard
Victory
Conquest
Starting age
Dark Age
Ending age
Imperial Age
RankedLock teamsTeams togetherTeam positionsShared explorationLock speedFull tech treeHidden civsTurbo modeCheats
Victory
Defeat
🇨🇿 Magyars · Czechia
488
+16
🇩🇪 Japanese · Germany
493
-16
UmbraNoctusCZ
9:22 Feudal Age
10:13 Feudal Age
14:40 Gold Mining
14:33 Horse Collar
14:40 Double-Bit Axe
21:00 Castle Age
20:06 Stone Mining
20:18 Fletching
23:13 Loom
23:30 Bodkin Arrow
24:31 Gold Shaft Mining
23:59 Heavy Plow
24:12 Bow Saw
24:31 Crossbowman
32:07 Imperial Age
31:10 Padded Archer Armor
31:42 Medium Warships
32:06 Thumb Ring
32:28 Ballistics
33:56 Capped Ram
34:43 Arbalester
40:00 Two-Man Saw
39:33 Crop Rotation
40:01 Wheelbarrow
41:32 Chemistry
40:08 Pikeman
42:04 Elite Magyar Huszar
NumberSwing5845
7:05 Loom
12:59 Feudal Age
13:53 Double-Bit Axe
13:55 Fishing Lines
14:52 Gold Mining
14:55 Horse Collar
19:37 Town Watch
26:39 Wheelbarrow
29:00 Castle Age
28:39 Fletching
28:59 Forging
29:50 Elite Skirmisher
30:29 Bodkin Arrow
31:10 Iron Casting
29:59 Pikeman
32:36 Hand Cart
43:27 Imperial Age
42:58 Medium Warships
44:09 Bracer
44:10 Padded Archer Armor
45:12 Blast Furnace
44:15 Scale Mail Armor
43:41 Capped Ram
45:12 Conscription
47:04 Hoardings
Connection lost

Rejoining the realm…

Still unreachable

The connection could not be restored.

Session expired

The server has moved on; the page needs a fresh start.